 Dungeon Crawl Stone Soup version 0.31.0-12-g77e489cdc1 (webtiles) character file.

Game seed: 16626737450376505957

11553 Doomgape the Grappler (level 11, -4/115 HPs)
             Began as a Troll Monk on Feb 13, 2024.
             Was a High Priest of Makhleb.
             Slain by Urug
             ... wielding a +0 glaive of venom
              (18 damage)
             ... on level 11 of the Dungeon.
             The game lasted 00:28:15 (9172 turns).

Doomgape the Grappler (Troll Monk)                  Turns: 9172, Time: 00:28:15

Health: -4/115     AC: 10    Str: 25    XL:     11   Next: 50%
Magic:  14/14      EV:  9    Int:  6    God:    Makhleb [*****.]
Gold:   689        SH:  5    Dex: 12    Spells: 10/10 levels left

rFire   . .          .
                       - Unarmed
rCold   . . .        c - orb {light}
rNeg    . . .        v - +0 swamp dragon scales
rPois   +            (helmet restricted)
rElec   .            (no cloak)
rCorr   .            (gloves unavailable)
SInv    .            (boots unavailable)
Will    .....        h - amulet of reflection
Stlth   +            (no ring)
HPRegen 1.19/turn    (no ring)
MPRegen 0.14/turn

%: reflection
@: glowing
A: large, unfitting armour, claws 3, regeneration 1, shaggy fur 1, tough skin 1
a: Renounce Religion, Minor Destruction, Lesser Servant of Makhleb, Major
Destruction, Greater Servant of Makhleb


You were on level 11 of the Dungeon.
You worshipped Makhleb.
Makhleb was extremely pleased with you.
You visited 1 branch of the dungeon, and saw 11 of its levels.
You also visited: Sewer and Ossuary.

You collected 793 gold pieces.
You spent 104 gold pieces at shops.

Inventory:

Missiles
 w - a throwing net (quivered)
Armour
 c - an orb of light (worn)
 v - +0 swamp dragon scales (worn)
Jewellery
 a - a ring of flight
 h - an amulet of reflection (around neck)
Wands
 j - a wand of digging (7)
 p - a wand of charming (6)
 A - a wand of polymorph (12)
Scrolls
 g - 2 scrolls of enchant weapon
 l - 2 scrolls of amnesia
 o - a scroll of blinking
 s - 5 scrolls of identify
 t - 3 scrolls of enchant armour
 u - 5 scrolls of teleportation
 x - a scroll of immolation
 y - a scroll of brand weapon {unknown}
Potions
 b - a potion of ambrosia
 d - 6 potions of haste
 e - 2 potions of invisibility {unknown}
 i - 7 potions of enlightenment
 k - a potion of magic {unknown}
 m - a potion of degeneration {unknown}
 n - a potion of resistance {unknown}
 q - 2 potions of cancellation
 r - 2 potions of might
 z - a potion of attraction {unknown}


   Skills:
 - Level 9.0 Fighting
 + Level 5.5 Armour
 - Level 2.4 Dodging
 + Level 12.5 Unarmed Combat
 + Level 6.0 Invocations


You had 10 spell levels left.
You didn't know any spells.
Your spell library contained the following spells:

 Spells                   Type           Power      Damage    Failure   Level
 Sting                    Conj/Alch      0%         1d3       58%         1
 Ensorcelled Hibernation  Hex/Ice        0%         N/A       73%         2
 Jinxbite                 Hex            0%         N/A       73%         2
 Lesser Beckoning         Tloc           0%         N/A       73%         2
 Mercury Vapours          Alch/Air       0%         N/A       73%         2
 Fugue of the Fallen      Necr           0%         N/A       91%         3
 Gell's Gravitas          Tloc           0%         N/A       91%         3
 Summon Ice Beast         Ice/Summ       0%         N/A       91%         3
 Teleport Other           Tloc           0%         N/A       91%         3
 Anguish                  Hex/Necr       0%         N/A       100%        4
 Olgreb's Toxic Radiance  Alch           0%         N/A       100%        4
 Summon Mana Viper        Hex/Summ       0%         N/A       100%        5
 Yara's Violent Unravell  Hex/Alch       0%         3d3       100%        5
 Enfeeble                 Hex            0%         N/A       100%        7
 Monstrous Menagerie      Summ           0%         N/A       100%        7


Dungeon Overview and Level Annotations

Branches:
Dungeon (11/15)            Temple (0/1) D:7            Lair (0/5) D:9
  Sewer (visited)         Ossuary (visited)
    Orc: D:9-12

Altars:
Cheibriados
Dithmenos
Elyvilon
Fedhas
Gozag
Makhleb
Nemelex Xobeh
Ru
Uskayaw
The Shining One

Shops:
D:2 (   D:6 ?

Annotations:
D:10 2 transporters, 3 runed translucent doors, Couri's ghost, journeyman OnWr
D:11 Urug


Innate Abilities, Weirdness & Mutations

You are too large for most types of armour.
You have claws for hands.
Your natural rate of healing is unusually fast.
You are covered in fur. (AC +1)
You have tough skin. (AC +1)


Message History

Urug is lightly wounded.
You scratch Urug.
Urug is lightly wounded.
Urug hits you with a +0 glaive of venom!!
You are poisoned.
You claw Urug!
Urug is moderately wounded.
You feel extremely sick.
Urug hits you with a +0 glaive of venom!
You scratch Urug.
Urug is heavily wounded.
You feel very sick. Urug barely misses you.
You feel better.
Urug hits you with a +0 glaive of venom!
Unknown command.
You scratch Urug.
Urug is heavily wounded.
You claw Urug!
Urug is heavily wounded.
Urug hits you with a +0 glaive of venom!!
* * * LOW HITPOINT WARNING * * *
You are poisoned.
You mangle Urug!!
Urug is severely wounded.
You feel very sick.
Urug screams, "Bird-brain!"
Urug hits you with a +0 glaive of venom.
* * * LOW HITPOINT WARNING * * *
Unknown command.
Unknown command.
You feel better.
Urug hits you with a +0 glaive of venom.
* * * LOW HITPOINT WARNING * * *
Unknown command.
You claw Urug!
Urug is almost dead.
Urug hits you with a +0 glaive of venom!!
You die...
Urug says, "One more harpy dead."

#. #.
###.####
###......#
.........#
#........#
#........#
#.....o@<#
#..........#
#........###
#####.####
... #+##


You could see Urug.

Vanquished Creatures
  Harold (D:9)
  A two-headed ogre (D:9)
  Amaemon (D:8)
  Pikel (D:5)
  Joseph (D:7)
  An orange demon (D:8)
  Maggie (D:7)
  A komodo dragon (D:10)
  An unseen horror (D:10)
  A hornet (D:7)
  2 trolls
  A shadow (D:9)
  10 yaks
  3 wyverns
  Eustachio (D:5)
  A steam dragon (D:9)
  10 vampire mosquitoes
  2 water moccasins
  An acid dragon (D:9)
  Duvessa (D:5)
  2 orc warriors
  3 ogres
  6 centaurs
  A wolf (D:9)
  A phantom (D:6)
  A lemure (D:5)
  4 kobold brigands
  5 bullfrogs
  2 scorpions
  4 wights (D:7)
  Dowan (D:5)
  An electric eel (D:9)
  A howler monkey (D:7)
  3 bombardier beetles
  A jelly (D:7)
  A quasit (D:7)
  9 hounds
  4 orc priests
  9 orc wizards
  A sleepcap (D:8)
  3 iguanas
  8 mummies (Ossuary)
  4 gnolls (D:8)
  8 adders
  2 river rats (Sewer)
  A shadow imp (D:6)
  3 white imps
  5 ribbon worms
  A dart slug (D:3)
  22 orcs
  8 ball pythons
  5 bats
  7 endoplasms
  4 giant cockroaches
  9 goblins
  6 hobgoblins
  A jackal (Sewer)
  5 quokkas
  A frilled lizard (D:2)
  A gnoll zombie (Ossuary)
  2 goblin skeletons (D:7)
  A goblin zombie (D:7)
  7 hobgoblin zombies
  22 kobolds
  3 kobold skeletons (D:7)
  2 kobold zombies (Ossuary)
  An orc skeleton (D:7)
  5 orc zombies
  16 rats
265 creatures vanquished.

Notes
Turn   | Place    | Note
-------+----------+-------------------------------------------
     0 | D:1      | Doomgape the Troll Monk began the quest for the Orb.
     0 | D:1      | Reached XP level 1. HP: 22/22 MP: 0/0
   245 | D:1      | Reached XP level 2. HP: 29/29 MP: 1/1
   911 | D:2      | Reached XP level 3. HP: 37/37 MP: 2/2
  1251 | D:2      | Reached skill level 4 in Unarmed Combat
  1405 | D:2      | Reached XP level 4. HP: 45/45 MP: 3/3
  1448 | D:2      | Found Vyrch's Antique Weapon Emporium.
  1582 | D:2      | Found a faded altar of an unknown god.
  1958 | D:3      | Found a burning altar of Makhleb.
  2118 | D:3      | Reached XP level 5. HP: 39/54 MP: 4/4
  2193 | D:3      | Found a sacrificial altar of Ru.
  2311 | D:3      | Found a glowing drain.
  2347 | Sewer    | Entered a sewer
  2363 | Sewer    | Reached skill level 5 in Unarmed Combat
  2527 | Sewer    | Reached XP level 6. HP: 57/63 MP: 5/5
  2553 | Sewer    | Found a white marble altar of Elyvilon.
  2692 | D:3      | Found a blossoming altar of Fedhas.
  2987 | D:3      | Became a worshipper of Makhleb the Destroyer
  2987 | D:3      | Reached * piety under Makhleb
  2987 | D:3      | Reached ** piety under Makhleb
  3397 | D:4      | Found a sand-covered staircase.
  3404 | Ossuary  | Entered an ossuary
  3493 | Ossuary  | Reached skill level 6 in Unarmed Combat
  3502 | Ossuary  | Reached skill level 5 in Fighting
  3519 | Ossuary  | Reached XP level 7. HP: 69/72 MP: 6/6
  3711 | D:4      | Found an opulent altar of Gozag.
  3822 | D:5      | Entered Level 5 of the Dungeon
  3986 | D:5      | Noticed Duvessa
  3992 | D:5      | Killed Duvessa
  3994 | D:5      | Noticed Dowan
  3998 | D:5      | Killed Dowan
  4052 | D:5      | Reached skill level 7 in Unarmed Combat
  4113 | D:5      | Noticed Eustachio
  4130 | D:5      | Killed Eustachio
  4131 | D:5      | Reached XP level 8. HP: 55/83 MP: 7/7
  4184 | D:5      | Noticed Pikel
  4189 | D:5      | Killed Pikel
  4190 | D:5      | Reached skill level 8 in Unarmed Combat
  4696 | D:6      | Found a shadowy altar of Dithmenos.
  4976 | D:6      | Found Nutzoem's Magic Scroll Boutique.
  4983 | D:6      | Bought 2 scrolls of teleportation for 78 gold pieces
  4983 | D:6      | Bought a scroll of identify for 26 gold pieces
  5105 | D:6      | Reached XP level 9. HP: 62/93 MP: 8/8
  5146 | D:6      | Reached *** piety under Makhleb
  5147 | D:6      | Reached skill level 9 in Unarmed Combat
  5427 | D:7      | Noticed a troll
  5427 | D:7      | Noticed Maggie
  5435 | D:7      | Paralysed by a hornet for 2 turns
  5440 | D:7      | Killed a troll
  5450 | D:7      | Killed Maggie
  5677 | D:7      | Reached skill level 10 in Unarmed Combat
  5703 | D:7      | Found a glowing golden altar of the Shining One.
  5777 | D:7      | Found a staircase to the Ecumenical Temple.
  5815 | D:7      | Reached XP level 10. HP: 42/107 MP: 9/9
  5888 | D:7      | Found a snail-covered altar of Cheibriados.
  5927 | D:7      | Noticed Joseph
  5936 | D:7      | Killed Joseph
  5937 | D:7      | Reached skill level 1 in Invocations
  6101 | D:7      | Reached skill level 1 in Armour
  6112 | D:7      | Reached **** piety under Makhleb
  6153 | D:7      | Found a white marble altar of Elyvilon.
  6555 | D:8      | Reached skill level 11 in Unarmed Combat
  6713 | D:8      | Found a sparkling altar of Nemelex Xobeh.
  6802 | D:8      | Noticed Amaemon
  6802 | D:8      | Noticed an orange demon
  6821 | D:8      | Killed an orange demon
  6833 | D:8      | Killed Amaemon
  6935 | D:8      | Found a hide-covered altar of Uskayaw.
  7412 | D:9      | Found a staircase to the Lair.
  7414 | D:9      | Noticed a two-headed ogre
  7434 | D:9      | Killed a two-headed ogre
  7463 | D:9      | Noticed Harold
  7818 | D:9      | Reached XP level 11. HP: 115/115 MP: 13/13
  7932 | D:9      | Reached skill level 12 in Unarmed Combat
  7966 | D:9      | Killed Harold
  7967 | D:9      | Reached skill level 5 in Invocations
  8339 | D:10     | Entered Level 10 of the Dungeon
  8398 | D:10     | Reached skill level 5 in Armour
  8524 | D:10     | Found a transporter.
  8527 | D:10     | Noticed an orc sorcerer
  8540 | D:10     | Noticed an orc sorcerer
  8546 | D:10     | Found a transporter.
  8550 | D:10     | Reached ***** piety under Makhleb
  8775 | D:10     | Found a runed translucent gate.
  8776 | D:10     | Found a runed translucent gate.
  8776 | D:10     | Found an opulent altar of Gozag.
  8777 | D:10     | Found a runed translucent gate.
  9003 | D:10     | Noticed a centaur warrior
  9003 | D:10     | Noticed Couri's ghost (journeyman OnWr)
  9101 | D:10     | a brain worm changed into a harpy
  9101 | D:10     | Noticed a harpy (shapeshifter)
  9161 | D:11     | Noticed Urug
  9172 | D:11     | Slain by Urug

Illustrated notes

Levels and vault maps discovered:
D:1:      lightli_arrival_windingriver, layout_basic, serial_bayou_lagoon_a,
          serial_bayou_lagoon_b
D:2:      layout_basic, dilly_ecumenical_altar_fadedgnrine, serial_shops, shop,
          chequers_jeans, minmay_rat_gold_closets
D:3:      layout_basic, mainiacjoe_overflow_alcove_1, lemuel_tele_altar,
          nicolae_ru_great_annihilating_truth, portal_sewer_entry_b,
          st_stairs_11
D:4:      layout_cave_pools, general_overflow_altar,
          chequers_ossuary_entry_cave, kennysheep_nondescript
D:5:      layout_basic, uniq_duvessa, uniq_eustachio, uniq_pikel
D:6:      layout_basic, grunt_dithmenos_smoke_and_mirrors, serial_shops, shop
D:7:      layout_basic, kennysheep_little_box, nicolae_tso_besieged_by_evil,
          mainiacjoe_overflow_cross_hatched, minmay_temple_entry_hall,
          uniq_maggie, uniq_joseph
D:8:      layout_cave_pools, nicolae_uskayaw_dance_studio, kennysheep_mini,
          uniq_amaemon
D:9:      layout_long_grid, erik_lair_island, feat_on_display, uniq_harold
D:10:     gammafunk_wand_slinger, layout_basic, ebering_ghost_gozag
D:11:     layout_roguey, david_orc_4, serial_undead, serial_undead_e,
          serial_undead_a, serial_undead_b, serial_undead_d,
          gammafunk_ghost_necromancy, uniq_snorg, uniq_urug

Skill      XL: |  1  2  3  4  5  6  7  8  9 10 11 |
---------------+----------------------------------+-----
Fighting       | 3 4 5 6 7 9 |  9.0
Unarmed Combat | 4 5 6 7 8 10 11 12 | 12.5
Invocations    | 4 6 |  6.0
Armour         | 4 5 |  5.5
Dodging        | |  2.4

Action                     |  1- 3 |  4- 6 |  7- 9 | 10-12 || total
---------------------------+-------+-------+-------+-------++-------
  Melee: Unarmed           |    71 |   183 |   162 |   259 ||   675
 Invoke: Minor Destruction |       |       |     3 |     4 ||     7
  Evoke: Wand              |       |       |       |     7 ||     7
    Use: Scroll            |       |     4 |     7 |     2 ||    13
         Potion            |       |     2 |     1 |     4 ||     7
   Stab: Paralysed         |       |     1 |       |       ||     1
 Armour: Robe              |    30 |   130 |    71 |       ||   231
         Swamp dragon scal |       |       |    49 |   257 ||   306
  Dodge: Dodged            |    33 |    91 |    67 |   130 ||   321
